AoeStats
← 知耻而后勇喜笑颜开

Arabia

509040133Analyzed
1v1 RM · 7d ago on Sep 25, 2026· 74m 18s· 2 players
Game mode
Random Map
Map size
Tiny (2 player)
Population
200
Speed
Normal
Resources
Standard
Victory
Conquest
Starting age
Dark Age
Ending age
Imperial Age
RankedLock teamsTeams togetherTeam positionsShared explorationLock speedFull tech treeHidden civsTurbo modeCheats
Victory
Defeat
1431
+20
🇨🇳 Varangians · China
1518
-20
看谁不爽肘谁
15:12 Feudal Age
13:32 Loom
15:58 Feudal Age
21:20 Castle Age
20:36 Scale Mail Armor
24:30 Squires
28:48 Fletching
33:53 Bloodlines
38:08 Husbandry
40:05 Forging
42:22 Iron Casting
43:12 Devotion
45:14 Scale Barding Armor
48:34 Imperial Age
47:26 Wheelbarrow
47:28 Bodkin Arrow
47:57 Chain Barding Armor
49:39 Conscription
52:40 Capped Ram
57:33 Elite Jarl
62:04 Blast Furnace
65:52 Ballistics
67:58 Light Cavalry
70:30 Hussar
71:55 Plate Barding Armor
知耻而后勇喜笑颜开
5:25 Loom
9:18 Feudal Age
10:06 Double-Bit Axe
14:44 Wheelbarrow
17:07 Fletching
18:22 Gold Mining
23:10 Castle Age
21:08 Stone Mining
21:03 Man-at-Arms
22:33 Scale Mail Armor
22:43 Forging
23:21 Padded Archer Armor
24:07 Bow Saw
23:38 Horse Collar
23:19 Elite Skirmisher
24:04 Crossbowman
24:57 Town Watch
36:42 Sanctity
36:33 Fervor
36:57 Bodkin Arrow
38:46 Redemption
40:48 Ballistics
45:07 Guard Tower
45:56 Heavy Plow
47:52 Hand Cart
49:21 Forging
49:26 Chain Mail Armor
49:25 Masonry
55:39 Imperial Age
56:23 Gold Shaft Mining
56:23 Stone Shaft Mining
55:54 Capped Ram
56:55 Block Printing
57:05 Illumination
57:07 Bracer
57:42 Iron Casting
58:17 Keep
57:48 Siege Engineers
60:15 Blast Furnace
59:20 Scale Barding Armor
61:44 Bloodlines
61:34 Husbandry
63:05 Conscription
62:20 Light Cavalry
63:47 Hoardings
63:42 Chain Barding Armor
66:06 Chemistry
72:15 Plate Barding Armor
Connection lost

Rejoining the realm…

Still unreachable

The connection could not be restored.

Session expired

The server has moved on; the page needs a fresh start.